 Dungeon Crawl Stone Soup version 0.23.2-33-g5129a83184 (webtiles) character file.

Game seed: 3072342719548022804

2889 t4s4d4r the Ogre Mage (level 9, -12/93 HPs)
             Began as an Ogre Ice Elementalist on July 9, 2019.
             Was an Initiate of Ashenzari.
             Mangled by an orc knight
             ... wielding a +0 glaive
              (20 damage)
             ... in a bailey.
             The game lasted 00:15:53 (9839 turns).

t4s4d4r the Ogre Mage (Ogre Ice Elementalist)       Turns: 9839, Time: 00:15:53

Health: -12/93     AC:  6    Str: 16    XL:     9   Next: 77%
Magic:  11/30      EV: 10    Int: 19    God:    Ashenzari [......]
Gold:   372        SH:  0    Dex:  9    Spells: 12/24 levels left

rFire    . . .     SeeInvis .   r - +5 dagger "Dapa" {pierce, +Blink MR+ MP+9 Str+2}
rCold    . . .     Gourm    .   (no shield)
rNeg     . . .     Faith    .   a - +0 robe
rPois    .         Spirit   .   (helmet restricted)
rElec    .         Reflect  .   o - +2 cloak {MR+}
rCorr    .         Harm     .   (gloves unavailable)
MR       ++...                  (boots unavailable)
Stlth    +.........             (no amulet)
HPRegen  0.25/turn              (no ring)
MPRegen  0.22/turn              (no ring)

@: no status effects
A: large, unfitting armour, tough skin 1
a: Curse Item, Renounce Religion, Evoke Blink


You were in a bailey.
You worshipped Ashenzari.
Ashenzari was noncommittal.
You were very hungry.

You visited 2 branches of the dungeon, and saw 8 of its levels.
You also visited: Bailey.

You collected 372 gold pieces.

Inventory:

Hand Weapons
 m - a +0 short sword
 n - a +5 flail of holy wrath
 r - the +5 dagger "Dapa" (weapon) {pierce, +Blink MR+ MP+9 Str+2}
   (You found it on level 5 of the Dungeon)

   It inflicts extra damage upon your enemies.
   It affects your strength (+2).
   It affects your resistance to hostile enchantments.
   It affects your magic capacity (+9).
   It lets you blink.
Missiles
 f - 92 stones (quivered)
Armour
 a - a +0 robe (worn)
 o - a +2 cloak of magic resistance (worn)
Wands
 p - a wand of paralysis (10)
Scrolls
 b - 3 scrolls of identify
 d - a scroll of fear {unknown}
 g - a scroll of amnesia {unknown}
 h - a scroll of remove curse
 i - a scroll of blinking {unknown}
 j - a scroll of teleportation
 s - 5 scrolls of enchant weapon {unknown}
Potions
 e - a potion of agility
 k - a potion of berserk rage
 l - 2 potions of invisibility
 q - a potion of resistance
 t - 3 potions of heal wounds
 u - a potion of experience {unknown}
Comestibles
 c - 10 rations
 v - 3 chunks of flesh


   Skills:
 + Level 7.3 Fighting
 - Level 1.7 Dodging
 - Level 1.4 Stealth
 + Level 8.1 Spellcasting
 - Level 0.8 Conjurations
 + Level 4.4 Summonings
 * Level 7.9 Ice Magic


You had 12 spell levels left.
You knew the following spells:

 Your Spells              Type           Power        Failure   Level  Hunger
a - Freeze                Ice            ####         1%          1    None
b - Ozocubu's Armour      Chrm/Ice       ###.....     5%          3    None
c - Throw Icicle          Conj/Ice       ###.....     14%         4    ###....
d - Summon Ice Beast      Ice/Summ       ####....     7%          4    ###....

Your spell library contained the following spells:

 Spells                   Type           Power        Failure   Level  Hunger
 Throw Frost              Conj/Ice       ###...       2%          2    None


Dungeon Overview and Level Annotations

Branches:
Dungeon (7/15)             Temple (1/1) D:6

Altars:
Ashenzari
Cheibriados
Dithmenos
Gozag
Hepliaklqana
Kikubaaqudgha
Nemelex Xobeh
Okawaru
Qazlal
Sif Muna
Trog
Vehumet
Wu Jian
Zin
The Shining One


Innate Abilities, Weirdness & Mutations

You are too large for most types of armour.
You have tough skin. (AC +1)


Message History

The orc knight shouts!
You barely miss the orc knight.
The orc knight is severely wounded.
Your ice beast hits the orc knight but does no damage.
The gnoll hits you with a +4 whip.
* * * LOW HITPOINT WARNING * * *
The orc knight hits your ice beast with a +0 glaive!!
Your ice beast dies!
The gnoll barely misses you.
The orc knight shouts!
The orc knight hits you from afar with a +0 glaive!!
* * * LOW HITPOINT WARNING * * *
The gnoll hits you but does no damage.
Items here: ))) [[ a +0 halberd; a +0 chain mail; a +0 spear; a +0 chain mail; a +0 war axe
Okay, then.
The gnoll barely misses you. The gnoll barely misses you.
The orc knight hits you from afar with a +0 glaive!!
You die...

#######
##..∩..##
#.g.....#
#@.o..)∩#
#..g))))#
#...))).#
#.......#
#...))..#
#.......#
#.....).#
#..)))..#
#..))...#


You could see an orc knight and 2 gnolls.

Vanquished Creatures
  Sigmund (D:3)
  Edmund (D:6)
  Duvessa (D:6)
  An orc warrior (Bailey)
  A black bear (D:6)
  A phantom (D:5)
  5 centaurs
  A bullfrog (D:6)
  Dowan (D:6)
  4 scorpions
  A howler monkey (D:6)
  A crimson imp (D:5)
  A hound (D:7)
  Crazy Yiuf (D:3)
  A centaur skeleton (D:6)
  4 orc priests (D:4)
  4 orc wizards
  A bullfrog skeleton (D:6)
  An iguana (D:5)
  3 worker ants
  A hound skeleton (D:6)
  A worker ant zombie (D:7)
  9 adders
  7 gnolls
  A howler monkey skeleton (D:4)
  A shadow imp (D:5)
  3 worms
  A dart slug (D:2)
  5 leopard geckos
  15 orcs
  3 bats (D:2)
  6 giant cockroaches
  7 goblins
  2 hobgoblins
  6 jackals
  8 kobolds
  3 ball pythons
  6 frilled lizards
  10 rats
130 creatures vanquished.

Vanquished Creatures (collateral kills)
  2 orc knights (Bailey)
  6 orc warriors (Bailey)
  18 orcs (Bailey)
  A frilled lizard (D:5)
27 creatures vanquished.

Grand Total: 157 creatures vanquished

Notes
Turn   | Place    | Note
-------+----------+-------------------------------------------
     0 | D:1      | t4s4d4r the Ogre Ice Elementalist began the quest for the
                  | Orb.
     0 | D:1      | Reached XP level 1. HP: 16/16 MP: 3/3
   326 | D:1      | Reached skill level 3 in Spellcasting
   531 | D:1      | Reached XP level 2. HP: 23/24 MP: 3/6
  1209 | D:1      | Reached skill level 4 in Spellcasting
  1209 | D:1      | Reached XP level 3. HP: 19/31 MP: 2/8
  1566 | D:2      | Found an ancient bone altar of Kikubaaqudgha.
  1621 | D:2      | Reached XP level 4. HP: 38/39 MP: 6/10
  1716 | D:2      | Reached skill level 5 in Spellcasting
  2579 | D:3      | Reached skill level 1 in Fighting
  2597 | D:3      | Reached XP level 5. HP: 35/48 MP: 5/12
  3428 | D:3      | Noticed Sigmund
  3445 | D:3      | Killed Sigmund
  3445 | D:3      | Reached XP level 6. HP: 35/61 MP: 6/14
  3923 | D:3      | Found a runed translucent door.
  3924 | D:3      | Noticed Crazy Yiuf
  3932 | D:3      | Killed Crazy Yiuf
  4377 | D:4      | Learned a level 3 spell: Ozocubu's Armour
  4382 | D:4      | Learned a level 4 spell: Throw Icicle
  4387 | D:4      | Learned a level 4 spell: Summon Ice Beast
  4515 | D:4      | Reached XP level 7. HP: 52/67 MP: 8/15
  4719 | D:4      | Reached skill level 6 in Spellcasting
  4723 | D:4      | Reached skill level 1 in Summonings
  4977 | D:4      | Reached skill level 5 in Ice Magic
  5256 | D:4      | HP: 5/105 [orc priest/divine providence (12)]
  5262 | D:4      | HP: 4/106 [poisoned by an orc wizard]
  5268 | D:4      | HP: 3/106 [poisoned by an orc wizard]
  5270 | D:4      | HP: 1/71 [poisoned by an orc wizard]
  5275 | D:4      | HP: 1/71 [poisoned by an orc wizard]
  5281 | D:4      | HP: 1/71 [poisoned by an orc wizard]
  5652 | D:4      | Reached XP level 8. HP: 69/79 MP: 12/17
  6329 | D:5      | Entered Level 5 of the Dungeon
  6501 | D:5      | Got a translucent dagger
  6502 | D:5      | Identified the +5 dagger "Dapa" {pierce, +Blink MR+ MP+9
                  | Str+2} (You found it on level 5 of the Dungeon)
  7079 | D:5      | Reached skill level 5 in Fighting
  7548 | D:6      | Found a staircase to the Ecumenical Temple.
  7562 | Temple   | Entered the Ecumenical Temple
  7633 | Temple   | Became a worshipper of Ashenzari the Shackled
  7741 | D:6      | Found a glowing silver altar of Zin.
  7748 | D:6      | Reached skill level 7 in Spellcasting
  8002 | D:6      | Noticed Edmund
  8012 | D:6      | Killed Edmund
  8012 | D:6      | Reached XP level 9. HP: 66/89 MP: 15/19
  8160 | D:6      | Found a radiant altar of Vehumet.
  8481 | D:6      | Noticed Duvessa
  8481 | D:6      | Noticed Dowan
  8487 | D:6      | Killed Duvessa
  8493 | D:6      | Killed Dowan
  8948 | D:7      | Found an ornate altar of the Wu Jian Council.
  8950 | D:7      | Found a stormy altar of Qazlal.
  8992 | D:7      | Found a flagged portal.
  9003 | Bailey   | Entered a bailey
  9560 | Bailey   | Noticed an orc knight
  9560 | Bailey   | Noticed an orc knight
  9609 | Bailey   | Killed an orc knight
  9761 | Bailey   | Reached skill level 8 in Spellcasting
  9783 | Bailey   | Noticed an orc knight
  9806 | Bailey   | Killed an orc knight
  9808 | Bailey   | Noticed an orc knight
  9839 | Bailey   | Mangled by an orc knight

Skill      XL: |  1  2  3  4  5  6  7  8  9 |
---------------+----------------------------+-----
Spellcasting   | 3 4 5 6 7 8 |  8.1
Ice Magic      | 3 4 5 6 7 |  7.9
Fighting       | 1 3 4 6 7 |  7.3
Summonings     | 2 3 4 |  4.4
Dodging        | |  1.7
Stealth        | |  1.4
Conjurations   | |  0.8

Action                   |  1- 3 |  4- 6 |  7- 9 || total
-------------------------+-------+-------+-------++-------
Melee: Whip              |    47 |     1 |       ||    48
       Short sword       |       |    54 |    25 ||    79
       Dagger            |       |       |   146 ||   146
 Cast: Freeze            |    32 |    86 |   107 ||   225
       Ozocubu's Armour  |       |       |     1 ||     1
       Throw Icicle      |       |       |    10 ||    10
       Summon Ice Beast  |       |       |    31 ||    31
Evoke: Wand              |       |       |     1 ||     1
  Use: Scroll            |       |     3 |     6 ||     9
       Potion            |       |       |     1 ||     1
 Stab: Sleeping          |     3 |       |     2 ||     5
       Paralysed         |       |       |     9 ||     9
  Eat: Chunk             |     2 |     8 |    18 ||    28
       Ration            |       |       |     1 ||     1
Armor: Robe              |    27 |    35 |   110 ||   172
Dodge: Dodged            |    39 |    63 |   168 ||   270
